[Event "Team 45 45 League T70"]
[Site "Internet Chess Club"]
[Date "2016.10.08"]
[Round "5"]
[White "g8wrb"]
[Black "Xbug"]
[Result "1-0"]
[WhiteElo "1226"]
[BlackElo "1025"]
[Opening "Scandinavian (center counter) defense"]
[ECO "B01"]
[Time "10:02:34"]
[TimeControl "2700+45"]

1. e4 d5 2. exd5 Qxd5 3. Nf3 Nf6 4. Nc3 Qa5 5. d4 c6 6. Bd3 Bg4 7. O-O e6 8. Re1
Be7 9. Bf4 Bxf3 10. Qxf3 Qb6 11. Bxb8 Rxb8 12. Qf4 O-O 13. Na4 Qb4 14. b3 Nd5
15. Qe4 g6 16. c4 Nf6 17. Qe5 Qd6 18. Rad1 Rbd8 19. Qxd6 Rxd6 20. Bc2 Rfd8 21.
Nc5 Rxd4 22. Rxd4 Rxd4 23. Nxb7 Rd2 24. Bb1 Ng4 25. Rf1 Bd8 26. Nxd8 Rxd8 27. h3
Nf6 28. f3 c5 29. Re1 Kf8 30. Kf2 Rd2+ 31. Re2 Rd1 32. Re1 Rd2+ 33. Kf1 Ke7 34.
Re2 Rd1+ 35. Re1 Rd2 36. Rc1 Ke8 37. Kg1 Ke7 38. Kh2 Nh5 39. Rc2 Rd1 40. Rb2 Rd4
41. g3 f6 42. Be4 Kd6 43. Kg2 f5 44. Bb1 Nf6 45. Kf2 e5 46. Ke3 f4+ 47. gxf4
exf4+ 48. Ke2 Ke7 49. Rd2 Rxd2+ 50. Kxd2 Ke6 51. a3 g5 52. b4 Kd6 53. Kd3 h5 54.
Ke2 cxb4 55. axb4 Ke5 56. Kd3 g4 57. hxg4 h4 58. Ke2 h3 59. Kf2 Nxg4+ 60. fxg4
f3 61. Kxf3 h2 62. Kg2 h1=Q+ 63. Kxh1 Kf4 64. Kg2 Kxg4 65. c5 Kg5 66. c6 Kf6 67.
c7 Ke7 68. c8=Q Kd6 69. Kf3 {Black resigns} 1-0

[Event "Team 45 45 League T70"]
[Site "Internet Chess Club"]
[Date "2016.10.09"]
[Round "5"]
[White "zorori"]
[Black "MarcB"]
[Result "0-1"]
[WhiteElo "1592"]
[BlackElo "1591"]
[Opening "Sicilian: Najdorf, Byrne (English) attack"]
[ECO "B90"]
[Time "22:14:05"]
[TimeControl "2700+45"]

1. e4 c5 2. Nf3 d6 3. d4 cxd4 4. Nxd4 Nf6 5. Nc3 a6 6. Be3 e6 7. f3 b5 8. Qd2
Be7 9. Bd3 O-O 10. O-O-O Bb7 11. g4 Nc6 12. h4 Ne5 13. h5 b4 14. Nce2 d5 15. g5
Nxd3+ 16. Qxd3 dxe4 17. Qb3 Nd5 18. g6 h6 19. gxf7+ Rxf7 20. Nxe6 Qa5 21. Bd4
exf3 22. Ng3 Bf6 23. Ne4 Bxd4 24. Rxd4 f2 25. Rf1 Re8 26. N6c5 Bc6 27. Rxf2 Rxf2
28. Rxd5 Bxd5 29. Qxd5+ Rf7 30. Nd6 Re7 31. Nxf7 Rxf7 32. Kd1 Qb5 33. Kd2 a5 34.
b3 Qb8 35. Nd7 Qf4+ 36. Kd1 Qf3+ 37. Qxf3 Rxf3 38. Ne5 Rf5 39. Nc4 Rxh5 40. Kd2
Rd5+ 41. Ke3 Kf7 42. Ke2 h5 43. Kf3 g5 44. Kg3 Kf6 45. Kh3 Rc5 46. Kg3 {White
resigns} 0-1

[Event "Team 45 45 League T70"]
[Site "Internet Chess Club"]
[Date "2016.10.08"]
[Round "5"]
[White "JohLeb"]
[Black "kausika"]
[Result "0-1"]
[WhiteElo "1380"]
[BlackElo "1406"]
[Opening "Grünfeld defense"]
[ECO "D80"]
[Time "13:00:07"]
[TimeControl "2700+45"]

1. d4 Nf6 2. c4 g6 3. Nc3 d5 4. e3 Bg7 5. Bd3 O-O 6. Nge2 c5 7. dxc5 dxc4 8.
Bxc4 Qa5 9. O-O Qxc5 10. Bb3 Nc6 11. a3 Bf5 12. Ng3 Rfd8 13. Qe1 Bd3 14. Nge2
Na5 15. Na4 Qe5 16. Bd1 Rac8 17. Bd2 Nc4 18. Bc3 Qd6 19. Bb4 Qe5 20. Bc3 Qb5 21.
Bb4 Nd5 22. Nc5 Rxc5 23. Bxc5 Qxc5 24. b4 Qb5 25. Rc1 Nxa3 26. Rc5 Qxb4 27. Qxb4
Nxb4 28. Re1 e6 29. Nf4 Be4 30. f3 Bc6 31. Bb3 Na6 32. Ra5 Nb5 33. Bc4 Nac7 34.
Bxb5 Nxb5 35. Kf2 Bc3 {White resigns} 0-1

[Event "Team 45 45 League T70"]
[Site "Internet Chess Club"]
[Date "2016.10.08"]
[Round "5"]
[White "MartyJR"]
[Black "houseofcook"]
[Result "1/2-1/2"]
[WhiteElo "1430"]
[BlackElo "1469"]
[Opening "Queen's pawn: London system"]
[ECO "A45"]
[Time "12:00:54"]
[TimeControl "2700+45"]

1. d4 Nf6 2. Bf4 e6 3. e3 d5 4. Nf3 c5 5. c3 Nc6 6. Bd3 Bd6 7. Bxd6 Qxd6 8. Nbd2
cxd4 9. exd4 Qc7 10. O-O O-O 11. Re1 Re8 12. Ne5 Nxe5 13. dxe5 Nd7 14. Nf3 h6
15. Rc1 Nb6 16. c4 dxc4 17. Bxc4 Qe7 18. Bb3 Rd8 19. Qc2 Rb8 20. Red1 Rd7 21.
Rxd7 Bxd7 22. Qd2 Rc8 23. Rxc8+ Bxc8 24. h3 Qc7 25. Bc2 Bd7 26. Qd3 g6 27. Kh2
Qc4 28. b3 Qxd3 29. Bxd3 {Game drawn by mutual agreement} 1/2-1/2

[Event "Team 45 45 League T70"]
[Site "Internet Chess Club"]
[Date "2016.10.09"]
[Round "5"]
[White "sdcohle"]
[Black "Visin"]
[Result "1-0"]
[WhiteElo "1525"]
[BlackElo "1260"]
[Opening "Queen's gambit accepted"]
[ECO "D26"]
[Time "15:19:27"]
[TimeControl "2700+45"]

1. d4 d5 2. c4 dxc4 3. e3 e6 4. Bxc4 Nf6 5. Nf3 Bb4+ 6. Bd2 Qe7 7. O-O Nbd7 8.
Nc3 Nb6 9. Be2 Bd7 10. Ne5 O-O-O 11. a3 Bd6 12. Nxd7 Nfxd7 13. Nb5 a6 14. Nxd6+
Qxd6 15. Bb4 Qd5 16. Bf3 Qg5 17. Rc1 Nd5 18. Qc2 c6 19. Ba5 N5b6 20. Bxc6 Qxa5
21. Bf3+ Kb8 22. Qc7+ Ka7 23. Qxb7# {Black checkmated} 1-0

[Event "Team 45 45 League T70"]
[Site "Internet Chess Club"]
[Date "2016.10.07"]
[Round "5"]
[White "Gojira"]
[Black "Gilguli"]
[Result "1-0"]
[WhiteElo "1660"]
[BlackElo "1419"]
[Opening "Queen's pawn, Mason variation"]
[ECO "D00"]
[Time "06:03:47"]
[TimeControl "2700+45"]

1. d4 d5 2. Bf4 Nf6 3. e3 Nc6 4. c3 Bf5 5. Nf3 Nh5 6. Bg5 h6 7. Bh4 g5 8. Bg3
Nxg3 9. hxg3 Qd6 10. Nxg5 Qg6 11. Nf3 Bc2 12. Qc1 O-O-O 13. Na3 Be4 14. Qd2 e6
15. O-O-O Bxa3 16. bxa3 Qf6 17. Nh4 Rd6 18. f3 Bh7 19. Bd3 Na5 20. e4 dxe4 21.
fxe4 Rg8 22. e5 Qe7 23. exd6 Qxd6 24. Bxh7 Rxg3 25. Bd3 Qxa3+ 26. Qb2 Qd6 27.
Qb4 Qf4+ 28. Kc2 Nc6 29. Qf8+ Kd7 30. Rdf1 Nxd4+ 31. cxd4 Qxd4 32. Rxf7+ Kc6 33.
Qe8+ Kb6 34. Qb5# {Black checkmated} 1-0

[Event "Team 45 45 League T70"]
[Site "Internet Chess Club"]
[Date "2016.10.09"]
[Round "5"]
[White "Insan996"]
[Black "guyd52"]
[Result "1-0"]
[WhiteElo "1539"]
[BlackElo "1342"]
[Opening "QGD Slav: exchange variation"]
[ECO "D13"]
[Time "19:12:45"]
[TimeControl "2700+45"]

1. d4 d5 2. c4 c6 3. cxd5 cxd5 4. Nf3 Nf6 5. Nc3 g6 6. Bf4 Nbd7 7. Qa4 Bg7 8.
Nb5 Nb6 9. Nc7+ Kf8 10. Qb4 Nh5 11. Nxa8 Nxa8 12. Bb8 a6 13. Ba7 Nf4 14. e3 Ne6
15. Be2 f6 16. O-O Kf7 17. Rac1 Qd7 18. Rc2 Rd8 19. Rfc1 Bf8 20. Bb8 b5 21. h3
Bb7 22. Bg3 Rc8 23. Rxc8 Bxc8 24. Qa5 Qb7 25. Nd2 Nb6 26. b3 Na8 27. h4 Nd8 28.
Qxd8 Bf5 29. Bf3 Be6 30. Nb1 h5 31. Nc3 Nb6 32. Bc7 Nd7 33. Ba5 Nb8 34. Bxd5
Bxd5 35. Qxd5+ Qxd5 36. Nxd5 e6 37. Nc7 f5 38. Na8 Bd6 39. Rc8 Nd7 40. Bc7 Bb4
41. Bf4 Ba5 42. Rh8 Kg7 43. Rc8 Kf7 44. Nc7 Bxc7 45. Rxc7 Ke8 46. Ra7 Nf6 47.
Rxa6 Kd7 48. Kf1 Nd5 49. Ke2 Nc3+ 50. Kd3 Ne4 51. f3 Nf2+ 52. Ke2 Nh3 53. Ra7+
{Black resigns} 1-0

[Event "Team 45 45 League T70"]
[Site "Internet Chess Club"]
[Date "2016.10.08"]
[Round "5"]
[White "rhayder"]
[Black "bardu"]
[Result "0-1"]
[WhiteElo "1167"]
[BlackElo "1449"]
[Opening "Ruy Lopez: closed defense"]
[ECO "C87"]
[Time "21:45:29"]
[TimeControl "2700+45"]

1. e4 e5 2. Nf3 Nc6 3. Bb5 a6 4. Ba4 Nf6 5. O-O Be7 6. Re1 O-O 7. Bxc6 dxc6 8.
Nxe5 Qd4 9. Nf3 Qc5 10. d4 Qh5 11. Nbd2 Bg4 12. h3 Bxh3 13. gxh3 Qxh3 14. Nf1
Ng4 15. Ng3 Bh4 16. Re2 Bxg3 17. fxg3 Qxg3+ 18. Rg2 Qh3 19. Qe1 Qxf3 20. Qe2
Qxe2 21. Rxe2 f5 22. exf5 Rxf5 23. Rg2 h5 24. Rg3 Raf8 25. Bd2 Rf2 26. Rg2 Rxg2+
27. Kxg2 Rf2+ 28. Kh3 Rxd2 29. Kh4 Rh2+ 30. Kg5 Kf7 31. Rf1+ Nf2 32. Kf5 g6+ 33.
Ke5 Ke7 34. c4 Ng4+ 35. Ke4 Rxb2 36. Kf3 Nh2+ {White resigns} 0-1

[Event "Team 45 45 League T70"]
[Site "Internet Chess Club"]
[Date "2016.10.11"]
[Round "5"]
[White "Toalla"]
[Black "Just-Jim"]
[Result "1-0"]
[WhiteElo "1327"]
[BlackElo "1229"]
[Opening "Réti opening"]
[ECO "A04"]
[Time "16:30:55"]
[TimeControl "2700+45"]

1. Nf3 d6 2. g3 e5 3. e4 Nf6 4. d3 Be7 5. Bg2 Nc6 6. O-O Bg4 7. h3 Bd7 8. a4 d5
9. Nbd2 Qc8 10. Kh2 O-O 11. c3 dxe4 12. dxe4 Be6 13. Ng5 h6 14. Nxe6 Qxe6 15.
Qc2 Na5 16. Nf3 Nd7 17. Rb1 Nc6 18. b4 Qc4 19. Nd2 Qe6 20. Nb3 Qc4 21. Nd2 Qe6
22. b5 Na5 23. Bb2 Nc4 24. Nxc4 Qxc4 25. Ba1 Nb6 26. Rfd1 Qe6 27. f3 Nc4 28. Qa2
Bg5 29. Rb4 Ne3 30. Qxe6 fxe6 31. Rd7 Nxg2 32. Kxg2 Rad8 33. Rxc7 Rd2+ 34. Kf1
Rd1+ 35. Ke2 Rxa1 36. Rxb7 Ra2+ 37. Kd3 Rd2+ 38. Kc4 Rc8+ 39. Kb3 Be7 40. Rxe7
Rd3 41. Rc4 Rxc4 42. Kxc4 Rxf3 43. Rxa7 Re3 44. b6 Rxe4+ 45. Kb5 Re3 46. b7 Rxc3
47. b8=Q+ Kh7 48. Qxe5 Rb3+ 49. Kc4 Rb6 50. Qxg7# {Black checkmated} 1-0

[Event "Team 45 45 League T70"]
[Site "Internet Chess Club"]
[Date "2016.10.08"]
[Round "5"]
[White "QuieroAprender"]
[Black "az2112"]
[Result "1-0"]
[WhiteElo "1656"]
[BlackElo "1588"]
[Opening "King's Indian: 4.e4"]
[ECO "E70"]
[Time "11:46:40"]
[TimeControl "2700+45"]

1. d4 Nf6 2. c4 g6 3. Nc3 Bg7 4. e4 d6 5. Bd3 Nc6 6. Nge2 e5 7. d5 Ne7 8. h3 O-O
9. f4 exf4 10. Nxf4 Nd7 11. O-O Ne5 12. Be2 Bd7 13. Be3 a6 14. Qd2 Nc8 15. Rac1
Nb6 16. b3 Qe7 17. Nd3 f5 18. Bg5 Bf6 19. Bh6 Bg7 20. exf5 Bxf5 21. Bxg7 Qxg7
22. Nf4 Rae8 23. g4 Bd7 24. Rf2 Nc8 25. a4 Qh6 26. Rc2 Ne7 27. Ne4 g5 28. Nh5
Rxf2 29. Kxf2 Rf8+ 30. Kg2 Be8 31. Qxg5+ Qxg5 32. Nxg5 Bxh5 33. gxh5 Nf5 34. Rc3
Nd4 35. Bg4 h6 36. Ne6 Nxe6 37. dxe6 Re8 38. Re3 Kg7 39. Kg3 Kf6 40. Kf4 Nxg4
41. hxg4 Rxe6 42. Rxe6+ Kxe6 43. g5 hxg5+ 44. Kxg5 Kf7 45. h6 c6 46. Kf5 d5 47.
cxd5 cxd5 48. Ke5 {Black resigns} 1-0

[Event "Team 45 45 League T70"]
[Site "Internet Chess Club"]
[Date "2016.10.06"]
[Round "5"]
[White "ChessMaine"]
[Black "drsigmund1"]
[Result "1-0"]
[WhiteElo "1495"]
[BlackElo "1485"]
[Opening "Queen's pawn"]
[ECO "A40"]
[Time "20:01:00"]
[TimeControl "2700+45"]

1. d4 e6 2. e3 d5 3. Bd3 c5 4. c3 Bd6 5. Nd2 Qg5 6. Qf3 cxd4 7. exd4 Qf6 8. Qxf6
Nxf6 9. Ngf3 b6 10. O-O Ba6 11. Bxa6 Nxa6 12. Ne5 Bxe5 13. dxe5 Nd7 14. f4 Nac5
15. c4 d4 16. b4 Nd3 17. Ba3 Rc8 18. Ne4 O-O 19. Rad1 N3xe5 20. fxe5 Nxe5 21. b5
Nxc4 22. Bxf8 Ne3 23. Ng5 Nxf1 24. Rxf1 Rxf8 25. Rd1 e5 26. Kf2 Rc8 27. Rd2 Rc5
28. Rb2 d3 29. Ke3 Rc2 30. Rxc2 dxc2 31. Kd2 f6 32. Ne4 Kf7 33. g4 g6 34. Kxc2
f5 35. gxf5 gxf5 36. Ng3 Kf6 37. Kd3 Kg5 38. Ke2 h5 39. Kf3 h4 40. Ne2 e4+ 41.
Ke3 Kf6 42. Kf4 Ke6 43. Nd4+ Kd5 44. Nxf5 Kc5 45. Kxe4 Kxb5 46. Kd3 Ka4 47. Kc2
h3 48. Nd4 Kb4 {Black resigns} 1-0

[Event "Team 45 45 League T70"]
[Site "Internet Chess Club"]
[Date "2016.10.09"]
[Round "5"]
[White "Andressa"]
[Black "seattleblues"]
[Result "1/2-1/2"]
[WhiteElo "1432"]
[BlackElo "1326"]
[Opening "Caro-Kann: advance variation"]
[ECO "B12"]
[Time "21:06:59"]
[TimeControl "2700+45"]

1. e4 c6 2. d4 d5 3. e5 Bf5 4. Bd3 Bxd3 5. Qxd3 e6 6. Nf3 Ne7 7. O-O Nd7 8. Nc3
Ng6 9. g3 c5 10. dxc5 Bxc5 11. Re1 O-O 12. a3 Bb6 13. b4 Bc7 14. Qe2 Ngxe5 15.
Nxe5 Bxe5 16. Bb2 Rc8 17. Qd3 Qf6 18. Re3 Rc7 19. Rf3 Qe7 20. Rb1 a6 21. Qd2
Rfc8 22. Rc1 Nb6 23. Re1 Nc4 24. Qe2 Bf6 25. Ba1 Nxa3 26. Qd2 Qxb4 27. Rxf6 gxf6
28. Qh6 Rxc3 29. Re3 Qb1+ 30. Kg2 Qxa1 31. Qxf6 Nb5 32. Rf3 Rf8 33. Qg5+ Kh8 34.
Qf6+ Kg8 35. Qg5+ Kh8 36. Qf6+ Kg8 {Game drawn by repetition} 1/2-1/2

[Event "Team 45 45 League T70"]
[Site "Internet Chess Club"]
[Date "2016.10.09"]
[Round "5"]
[White "Conjurer"]
[Black "olivermx"]
[Result "1-0"]
[WhiteElo "1305"]
[BlackElo "1290"]
[Opening "Queen's pawn, Mason variation, Steinitz counter-gambit"]
[ECO "D00"]
[Time "21:37:23"]
[TimeControl "2700+45"]

1. d4 d5 2. Bf4 c5 3. c3 Nf6 4. e3 e6 5. Nf3 Be7 6. Bd3 O-O 7. O-O c4 8. Bc2 b5
9. Ne5 Bb7 10. Nd2 Nbd7 11. a4 a6 12. b3 Nxe5 13. Bxe5 Bd6 14. Nf3 Ng4 15. Bg3
Bxg3 16. hxg3 Re8 17. bxc4 bxc4 18. Rb1 Bc6 19. a5 Qxa5 20. Ng5 Nf6 21. Rb4 h6
22. Nh3 Qc7 23. Qb1 Reb8 24. Qb2 Rxb4 25. Qxb4 Rb8 26. Qa3 Bb5 27. Rb1 Rb7 28.
Qc1 Qc6 29. f3 Qd6 30. Nf4 e5 31. Ne2 exd4 32. exd4 Re7 33. Nf4 Nh7 34. Nh5 g5
35. g4 Nf6 36. f4 Nxh5 37. gxh5 Qxf4 38. Qxf4 gxf4 39. Kf2 Re6 40. Kf3 Re3+ 41.
Kxf4 Rxc3 42. Bf5 Rb3 43. Ke5 Bc6 44. Bc2 Rxb1 45. Bxb1 a5 46. Kd6 Be8 47. Kxd5
c3 48. Kc4 a4 49. Kxc3 Kg7 50. g4 Kf6 51. Bf5 Kg5 52. d5 a3 53. Kb3 a2 54. Kxa2
f6 55. Be6 Ba4 56. Ka3 Bb5 57. Kb4 Be8 58. Kc5 Ba4 59. d6 Be8 60. d7 Bxd7 61.
Bxd7 Kh4 62. Kd6 Kg5 63. Ke7 {Black resigns} 1-0

[Event "Team 45 45 League T70"]
[Site "Internet Chess Club"]
[Date "2016.10.10"]
[Round "5"]
[White "Innes"]
[Black "mongmong"]
[Result "0-1"]
[WhiteElo "1579"]
[BlackElo "1486"]
[Opening "French: exchange variation"]
[ECO "C01"]
[Time "18:33:25"]
[TimeControl "2700+45"]

1. e4 e6 2. d4 d5 3. exd5 exd5 4. Bd3 Bd6 5. h3 Ne7 6. Qf3 Be6 7. Ne2 Qd7 8.
Nbc3 c6 9. Bf4 Bxf4 10. Nxf4 Bf5 11. O-O-O O-O 12. g4 Bxd3 13. Rxd3 Qd6 14. h4
Nd7 15. h5 Nb6 16. h6 Ng6 17. hxg7 Rfe8 18. Qh3 Qxf4+ 19. Kb1 h6 20. Rf3 Qd2 21.
Re3 Qxd4 22. g5 Qxg7 23. gxh6 Rxe3 24. Qxe3 Qe5 25. h7+ Kh8 26. Qd2 Re8 27. a3
Qf4 28. Qd3 Nc4 29. Ka2 Nce5 30. Qe2 Qf3 31. Qf1 Ng4 32. Rh3 Qxf2 33. Qd3 N4e5
34. Qd1 Qf6 35. Qe1 Re6 36. Qg3 Qf4 37. Qg1 b6 38. Ne2 Qc4+ {White resigns} 0-1

[Event "Team 45 45 League T70"]
[Site "Internet Chess Club"]
[Date "2016.10.06"]
[Round "5"]
[White "guyd52"]
[Black "olivermx"]
[Result "1-0"]
[WhiteElo "1350"]
[BlackElo "1307"]
[Opening "Réti opening"]
[ECO "A05"]
[Time "17:30:23"]
[TimeControl "2700+45"]

1. Nf3 Nf6 2. g3 Nc6 3. Bg2 e5 4. d3 Bc5 5. O-O O-O 6. e4 d6 7. Qe2 Bg4 8. Be3
Bxe3 9. Qxe3 Bxf3 10. Bxf3 Nd4 11. Rc1 Qd7 12. c3 Nxf3+ 13. Qxf3 Qb5 14. b3 Qd7
15. Kg2 Qe6 16. Nd2 Rfd8 17. c4 c5 18. a3 Ng4 19. h3 Qh6 20. Rc2 Nf6 21. Rg1 Re8
22. Kh2 Re6 23. g4 Qh4 24. g5 Qh5 25. gxf6 Qh6 26. Rxg7+ Kf8 27. Qg3 Qf4 28.
Qxf4 exf4 29. Rxh7 Kg8 30. Rh6 {Black resigns} 1-0

[Event "Team 45 45 League T70"]
[Site "Internet Chess Club"]
[Date "2016.10.09"]
[Round "5"]
[White "stantheman59"]
[Black "oldbookseller"]
[Result "1-0"]
[WhiteElo "1214"]
[BlackElo "1043"]
[Opening "QGD"]
[ECO "D30"]
[Time "14:05:22"]
[TimeControl "2700+45"]

1. d4 d5 2. c4 e6 3. Nf3 Nf6 4. Bg5 Nbd7 5. Nc3 Be7 6. Bxf6 Nxf6 7. e3 O-O 8.
Bd3 c6 9. O-O Bd6 10. c5 Bc7 11. Ne5 b6 12. Nxc6 Qe8 13. Ne5 Bb8 14. f4 bxc5 15.
Bb5 Qe7 16. Rf3 Bb7 17. dxc5 Qxc5 18. Rc1 a6 19. Bd3 d4 20. Ne4 Qd5 21. Nxf6+
gxf6 22. Bxh7+ Kxh7 23. Rh3+ Kg7 24. Qg4# {Black checkmated} 1-0

[Event "Team 45 45 League T70"]
[Site "Internet Chess Club"]
[Date "2016.10.09"]
[Round "5"]
[White "yuanbao2007"]
[Black "rkjulianjr"]
[Result "1-0"]
[WhiteElo "1201"]
[BlackElo "1325"]
[Opening "QGD Slav: 3.Nf3"]
[ECO "D11"]
[Time "10:31:44"]
[TimeControl "2700+45"]

1. d4 d5 2. c4 c6 3. Nf3 Nf6 4. Bg5 Ne4 5. Bh4 Bf5 6. e3 e6 7. Bxd8 Bb4+ 8. Nbd2
Bg4 9. Be2 Bxf3 10. Bxf3 Nxd2 11. a3 Nxf3+ 12. Kf1 Nd2+ 13. Ke2 Bc3 14. bxc3 Ne4
15. Ba5 b6 16. f3 Nd6 17. Bb4 c5 18. dxc5 Nxc4 19. Qa4+ Kd8 20. Rab1 a5 21. e4
Kc7 22. exd5 exd5 23. cxb6+ Nxb6 24. Bxa5 Nd7 25. Bxb6+ Nxb6 26. Qf4+ Kc6 27.
Qxf7 Rhe8+ 28. Kf2 Rad8 29. Rhe1 Rf8 30. Qe6+ {Black resigns} 1-0

[Event "Team 45 45 League T70"]
[Site "Internet Chess Club"]
[Date "2016.10.08"]
[Round "5"]
[White "Toalla"]
[Black "Uku"]
[Result "1-0"]
[WhiteElo "1314"]
[BlackElo "1220"]
[Opening "QGD Slav defense"]
[ECO "D10"]
[Time "16:31:56"]
[TimeControl "2700+45"]

1. d4 d5 2. c4 c6 3. g3 Bf5 4. Bg2 e6 5. Nf3 Bd6 6. O-O h6 7. Nbd2 Nf6 8. Re1
O-O 9. c5 Bc7 10. b4 b6 11. a4 a5 12. Ba3 axb4 13. Bxb4 bxc5 14. Bxc5 Bd6 15.
Nb3 Na6 16. Bxd6 Qxd6 17. Ne5 Nd7 18. e4 Nxe5 19. exf5 Nc4 20. fxe6 fxe6 21. Qe2
Rfe8 22. Qh5 Kh7 23. Rac1 Nb4 24. Rxc4 dxc4 25. Be4+ Kg8 26. Qg6 Red8 27. Re3 e5
28. Qh7+ Kf8 29. Rf3+ Qf6 30. Rxf6+ gxf6 31. Bg6 Nd5 32. Qf7# {Black checkmated}
1-0

[Event "Team 45 45 League T70"]
[Site "Internet Chess Club"]
[Date "2016.10.09"]
[Round "5"]
[White "Xbug"]
[Black "tasawyer81"]
[Result "0-1"]
[WhiteElo "1012"]
[BlackElo "1099"]
[Opening "QGD"]
[ECO "D30"]
[Time "19:03:47"]
[TimeControl "2700+45"]

1. d4 d5 2. c4 e6 3. Nf3 Nf6 4. Bg5 Nbd7 5. Nc3 h6 6. Bh4 Be7 7. cxd5 exd5 8. e3
O-O 9. Be2 c6 10. O-O Ne4 11. Bxe7 Qxe7 12. Qc2 Ndf6 13. Nd2 Bf5 14. Bd3 Rfe8
15. Ndxe4 dxe4 16. Bc4 Rac8 17. Qb3 Be6 18. Ne2 Nd5 19. Ng3 b5 20. Be2 Nf4 21.
Qc2 Nxe2+ 22. Qxe2 Bc4 23. Qc2 Bxf1 24. Rxf1 c5 25. Qb3 b4 26. dxc5 Qxc5 27. Qd1
Qc2 28. Qxc2 Rxc2 29. Rb1 Rec8 30. h3 Rc1+ 31. Rxc1 Rxc1+ 32. Kh2 Rc2 33. Nxe4
Rxb2 34. Nc5 Rxa2 35. Nd3 a5 36. Ne1 Rxf2 37. Nf3 a4 38. Kg3 Rxf3+ 39. Kxf3 a3
40. Kg3 b3 41. Kh2 a2 42. e4 a1=Q 43. e5 b2 44. e6 fxe6 45. g4 b1=Q 46. g5 Qh1+
47. Kg3 Qe5+ 48. Kh4 Qxg5# {White checkmated} 0-1

[Event "Team 45 45 League T70"]
[Site "Internet Chess Club"]
[Date "2016.10.09"]
[Round "5"]
[White "WzeroMN"]
[Black "Rbug"]
[Result "1-0"]
[WhiteElo "1144"]
[BlackElo "954"]
[Opening "Sicilian defense"]
[ECO "B33"]
[Time "10:00:48"]
[TimeControl "2700+45"]

1. e4 c5 2. Nf3 Nc6 3. d4 cxd4 4. Nxd4 Nf6 5. Nxc6 bxc6 6. Nc3 Qa5 7. Bd2 d5 8.
f3 e6 9. Bd3 Bb4 10. a3 Bxc3 11. Bxc3 Qb6 12. Qd2 O-O 13. O-O-O d4 14. Bb4 c5
15. Ba5 Qd6 16. f4 e5 17. f5 Nd7 18. g4 Nf6 19. g5 Ng4 20. Rdg1 Ne3 21. g6 h6
22. h4 f6 23. Qh2 c4 24. Be2 d3 25. Bb4 Qd7 26. Bxf8 Kxf8 27. cxd3 cxd3 28. Bh5
Qa4 29. Bd1 Qc4+ 30. Kd2 Nxd1 31. Rxd1 Qc2+ 32. Ke3 Qc5+ 33. Kf3 Qd4 34. Qf2 Qc4
35. Rc1 Qa4 36. Qc5+ Ke8 37. Qc6+ Qxc6 38. Rxc6 Bb7 39. Rc7 Kf8 40. Rxb7 Rd8 41.
Rd1 d2 42. Ke2 {Black resigns} 1-0

[Event "Team 45 45 League T70"]
[Site "Internet Chess Club"]
[Date "2016.10.10"]
[Round "5"]
[White "bobhill"]
[Black "otherook"]
[Result "1-0"]
[WhiteElo "1891"]
[BlackElo "1758"]
[Opening "Queen's pawn"]
[ECO "A40"]
[Time "17:01:52"]
[TimeControl "2700+45"]

1. d4 c6 2. Nf3 d6 3. Bg5 Bg4 4. Nbd2 Qa5 5. c3 Nd7 6. Qc2 Ngf6 7. e3 e5 8. Nc4
Qc7 9. Bxf6 Bxf3 10. Bh4 Bh5 11. dxe5 d5 12. Bg3 dxc4 13. e6 Bd6 14. exd7+ Qxd7
15. Bxd6 Qxd6 16. Qe4+ Qe7 17. Qxe7+ Kxe7 18. Bxc4 Rhd8 19. f3 Rd6 20. Ke2 b5
21. Bb3 Bg6 22. Rad1 a5 23. Rxd6 Kxd6 24. Rd1+ Kc5 25. Rd7 a4 26. Bxf7 {Black
resigns} 1-0

[Event "Team 45 45 League T70"]
[Site "Internet Chess Club"]
[Date "2016.10.06"]
[Round "5"]
[White "parrot9"]
[Black "Beetlejuice"]
[Result "0-1"]
[WhiteElo "1672"]
[BlackElo "1783"]
[Opening "Sicilian: Taimanov (Bastrikov) variation"]
[ECO "B47"]
[Time "14:34:49"]
[TimeControl "2700+45"]

1. e4 c5 2. Nf3 e6 3. d4 cxd4 4. Nxd4 Nc6 5. Nc3 Qc7 6. Be2 a6 7. O-O Nf6 8. Be3
Bb4 9. Na4 Be7 10. c4 Nxe4 11. c5 O-O 12. Bf3 Nf6 13. Rc1 Rb8 14. Qd2 e5 15. Nf5
Re8 16. Nd6 Bxd6 17. cxd6 Qa5 18. Qxa5 Nxa5 19. Nb6 Nc6 20. Rfd1 h6 21. g3 Nh7
22. Bg4 Nf8 23. f4 exf4 24. Bxf4 Ne6 25. Re1 Rd8 26. Bd2 Kf8 27. Bc3 Kg8 28. b4
Rf8 29. Rcd1 Rd8 30. a4 Rf8 31. h4 Kh8 32. Rd5 Kg8 33. Bh3 Kh7 34. Bf5+ Kg8 35.
Re4 Ncd8 36. Rc4 Nc6 37. b5 Na7 38. Rg4 g6 39. Bf6 h5 40. Bxg6 fxg6 41. Rxg6+
Kh7 42. Rgg5 Rxf6 43. Rxh5+ Kg6 44. Rhe5 Nc6 45. bxc6 bxc6 46. h5+ Kg7 47. Nxc8
cxd5 48. Ne7 d4 49. Rg5+ Kh6 50. Rg8 Rbf8 51. g4 d3 52. Rxf8 Rxf8 53. Nd5 Rf4
54. Nxf4 d2 55. Nxe6 dxe6 {White resigns} 0-1

[Event "Team 45 45 League T70"]
[Site "Internet Chess Club"]
[Date "2016.10.15"]
[Round "5"]
[White "SlimeDog2"]
[Black "room-matt"]
[Result "0-1"]
[WhiteElo "2036"]
[BlackElo "1916"]
[Opening "Budapest defense"]
[ECO "A52"]
[Time "14:09:39"]
[TimeControl "2700+45"]

1. d4 Nf6 2. c4 e5 3. dxe5 Ng4 4. e3 Nxe5 5. Nh3 Ng6 6. Nc3 Nc6 7. Be2 Bb4 8.
Bd2 d6 9. a3 Bxh3 10. gxh3 Ba5 11. b4 Bb6 12. Na4 Qh4 13. Nxb6 axb6 14. Bc3 O-O
15. b5 Nce5 16. Qd4 Rfe8 17. Qxh4 Nxh4 18. f4 Neg6 19. Kf2 Nf5 20. Bd2 Nge7 21.
Bd3 g6 22. Bc3 d5 23. Bb2 Nd6 24. cxd5 Nxd5 25. Rhe1 Ne4+ 26. Kf3 Nd2+ 27. Kf2
Ne4+ 28. Kg2 Nc5 29. Bb1 Nxf4+ {White resigns} 0-1

[Event "Team 45 45 League T70"]
[Site "Internet Chess Club"]
[Date "2016.10.07"]
[Round "5"]
[White "fishhead"]
[Black "sharky123"]
[Result "0-1"]
[WhiteElo "1794"]
[BlackElo "1869"]
[Opening "Caro-Kann: two knights, 3...Bg4"]
[ECO "B10"]
[Time "18:00:50"]
[TimeControl "2700+45"]

1. e4 c6 2. Nf3 d5 3. Nc3 Bg4 4. h3 Bxf3 5. Qxf3 e6 6. d3 Nd7 7. g4 Bb4 8. a3
Bxc3+ 9. bxc3 Qa5 10. Bd2 dxe4 11. Qxe4 Ngf6 12. Qe2 Qd5 13. f3 O-O-O 14. Bg2
Qd6 15. f4 h5 16. g5 Nd5 17. O-O Nxc3 18. Qf2 Nb5 19. a4 Nd4 20. Be3 Nc5 21.
Rfb1 Rhe8 22. Rb2 e5 23. f5 Rh8 24. h4 Kb8 25. Rab1 Rd7 26. Rb4 Ka8 27. a5 f6
28. g6 Rhd8 29. Kh1 Na6 30. Rc4 Qa3 31. Bxd4 exd4 32. Rxc6 Qxa5 33. Qf3 Nb4 34.
Rc4 Nd5 35. Rxd4 Qc5 36. Rc4 Qa5 37. Qxh5 Qa2 38. Re1 Nb6 39. Rc5 Qa4 40. Re4
Qa3 41. Rb5 Qc1+ 42. Kh2 Qxc2 43. Qe2 Qc7+ 44. Kh3 Rxd3+ 45. Re3 Qc4 {White
forfeits on time} 0-1

[Event "Team 45 45 League T70"]
[Site "Internet Chess Club"]
[Date "2016.10.09"]
[Round "5"]
[White "tryanything"]
[Black "Goli"]
[Result "0-1"]
[WhiteElo "1595"]
[BlackElo "1789"]
[Opening "King's Indian: London system"]
[ECO "A48"]
[Time "17:30:27"]
[TimeControl "2700+45"]

1. d4 Nf6 2. Nf3 g6 3. Bf4 Bg7 4. e3 O-O 5. Bd3 d6 6. h3 Nbd7 7. O-O c5 8. c3
Re8 9. Re1 e5 10. dxe5 dxe5 11. Nxe5 Nxe5 12. Bxe5 Rxe5 {White resigns} 0-1

[Event "Team 45 45 League T70"]
[Site "Internet Chess Club"]
[Date "2016.10.08"]
[Round "5"]
[White "Duguesclin"]
[Black "losscause"]
[Result "1-0"]
[WhiteElo "1502"]
[BlackElo "1531"]
[Opening "Queen's pawn game"]
[ECO "E00"]
[Time "16:00:42"]
[TimeControl "2700+45"]

1. d4 Nf6 2. c4 e6 3. a3 d5 4. Nc3 Be7 5. Bf4 a6 6. c5 O-O 7. h3 Nc6 8. e3 Nd7
9. Nf3 Re8 10. b4 Bf6 11. Bg3 Nf8 12. Be2 Ng6 13. O-O Nh4 14. Nxh4 Bxh4 15. Bh2
f5 16. b5 Ne7 17. bxa6 bxa6 18. Qb3 Bd7 19. Qb7 Bc6 20. Qxc7 Qxc7 21. Bxc7 Ng6
22. Rab1 Ra7 23. Bh2 e5 24. Rb6 exd4 25. exd4 Bb5 26. Bxb5 axb5 27. Nxb5 Rae7
28. Nc7 Rc8 29. Nxd5 Re4 30. Rd1 Ra8 31. Rb8+ Rxb8 32. Bxb8 Re2 33. g3 {Black
resigns} 1-0